 Dungeon Crawl Stone Soup version 0.27.1-3-gb3d3a73c9e (webtiles) character file.

Game seed: 10592515911237745968

118 HurtFeelings the Skirmisher (level 5, -4/57 HPs)
             Began as an Ogre Berserker on Oct 6, 2021.
             Was a Believer of Trog.
             Killed from afar by Natasha (8 damage)
             ... with a magic dart
             ... on level 3 of the Dungeon.
             The game lasted 00:15:10 (2531 turns).

HurtFeelings the Skirmisher (Ogre Berserker)        Turns: 2531, Time: 00:15:10

Health: -4/57      AC:  3    Str: 22    XL:     5   Next: 2%
Magic:  5/5        EV: 10    Int:  8    God:    Trog [**....]
Gold:   105        SH:  0    Dex:  8    Spells: 4/4 levels left

rFire    . . .     SeeInvis .   k - +4 dagger (speed)
rCold    . . .     Faith    .   (no shield)
rNeg     . . .     Spirit   .   b - +0 animal skin
rPois    .         Reflect  .   (helmet restricted)
rElec    .         Harm     .   (no cloak)
rCorr    .         Rampage  .   (gloves unavailable)
Will     .....                  (boots unavailable)
Stlth    +.........             (no amulet)
HPRegen  0.19/turn              (no ring)
MPRegen  0.09/turn              (no ring)

@: on berserk cooldown, slowed, very slow
A: large, unfitting armour, tough skin 1
a: Renounce Religion, Berserk, Trog's Hand


You were on level 3 of the Dungeon.
You worshipped Trog.
Trog was pleased with you.
You visited 1 branch of the dungeon, and saw 3 of its levels.

You collected 105 gold pieces.

Inventory:

Hand Weapons
 a - a +0 hand axe
 f - a +2 dagger of electrocution
 j - a +0 dagger
 k - a +4 dagger of speed (weapon)
 l - a +0 hand axe
 m - a +0 mace
Missiles
 e - 97 stones (quivered)
 h - 83 arrows
Armour
 b - a +0 animal skin (worn)
 d - a +0 pair of boots
 g - a +0 ring mail
Scrolls
 n - a scroll of noise {unknown}
 p - a scroll of fog {unknown}
Potions
 c - a potion of flight {unknown}
 i - a potion of lignification {unknown}
 o - a potion of heal wounds {unknown}


   Skills:
 * Level 5.4 Fighting
 * Level 1.4 Short Blades
 - Level 3.3 Axes
 + Level 3.6 Dodging


You had 4 spell levels left.
You didn't know any spells.
Your spell library was empty.

Dungeon Overview and Level Annotations

Branches:
Dungeon (3/15)

Altars:
Okawaru
Ru

Annotations:
D:3 Natasha


Innate Abilities, Weirdness & Mutations

You are too large for most types of armour.
You have tough skin. (AC +1)


Message History

* * * LOW HITPOINT WARNING * * *
The crimson imp blinks!
The crimson imp blinks!
The crimson imp hits you but does no damage.
The crimson imp blinks! x2
Natasha casts a spell.
The crimson imp hits you.
* * * LOW HITPOINT WARNING * * *
The crimson imp closely misses you. Natasha casts a spell at you.
You feel as though you will be slow longer.
The crimson imp blinks!
The crimson imp barely misses you.
Natasha casts a spell.
You barely miss the crimson imp.
The crimson imp is lightly wounded.
The crimson imp hits you.
* * * LOW HITPOINT WARNING * * *
You hit the crimson imp.
The crimson imp is lightly wounded.
The crimson imp disappears in a puff of smoke!
Why would you want to do that?
The crimson imp shouts, "Scamper away, thou hateful spur-galled clack-dish!"
The crimson imp blinks!
The crimson imp closely misses you. The crimson imp barely misses you.
You see here a frilled lizard corpse.
You hit the crimson imp.
The crimson imp is lightly wounded.
The crimson imp closely misses you.
You barely miss the crimson imp.
The crimson imp is lightly wounded.
You closely miss the crimson imp.
The crimson imp is lightly wounded.
The crimson imp blinks!
Why would you want to do that?
The crimson imp blinks!
Natasha mumbles some strange words.
The crimson imp disappears in a puff of smoke!
Natasha casts a spell at you. The magic dart hits you!
You die...

.#.##.............#
...###.##########.# .### #.#
#†# .# #.# #####.##### .#
##'## #.........# .# ##...##
#.###.###.### ####.....##
#...........#
##.......###.≈≈≈≈≈≈≈≈≈.##
##.........##.≈.@..†5.≈..###.
.+.........+[.≈.≈≈≈≈≈.≈..>...
##..<.........≈.≈.._≈.≈.####.
##.......##..≈.≈.≈≈≈.≈.#
##.....###....≈...5/≈.#
##...## #..≈≈≈≈≈≈≈≈≈.#
######'## #..≈..l..≈h..#
....##.# ##.≈.≈≈≈.≈.≈....
###.##.# #.≈.≈_..≈.≈..#..


You could see an iguana, Natasha, a crimson imp (summoned) and a white imp
(summoned).

Vanquished Creatures
  Natasha (D:3)
  2 adders (D:2)
  3 gnolls (D:2)
  2 worms (D:2)
  3 endoplasms (D:1)
  3 giant cockroaches
  6 goblins
  A hobgoblin (D:1)
  2 quokkas
  2 ball pythons (D:2)
  7 bats
  A frilled lizard (D:3)
  3 kobolds
  6 rats
42 creatures vanquished.

Notes
Turn   | Place    | Note
-------+----------+-------------------------------------------
     0 | D:1      | HurtFeelings the Ogre Berserker began the quest for the
                  | Orb.
     0 | D:1      | Reached XP level 1. HP: 24/24 MP: 1/1
   665 | D:1      | Reached XP level 2. HP: 31/32 MP: 2/2
  1335 | D:2      | Reached XP level 3. HP: 40/40 MP: 3/3
  1348 | D:2      | Reached XP level 4. HP: 47/49 MP: 4/4
  1487 | D:2      | Reached skill level 5 in Fighting
  1496 | D:2      | Reached skill level 1 in Short Blades
  1889 | D:2      | Reached ** piety under Trog
  2164 | D:3      | Noticed Natasha
  2169 | D:3      | Killed Natasha
  2170 | D:3      | Reached XP level 5. HP: 35/57 MP: 5/5
  2435 | D:3      | Found an iron altar of Okawaru.
  2445 | D:3      | Found a sacrificial altar of Ru.
  2451 | D:3      | Noticed Natasha
  2522 | D:3      | HP: 2/57 [crimson imp[Natasha] (4)]
  2531 | D:3      | Killed from afar by Natasha

Illustrated notes

Levels and vault maps discovered:
D:1:      dpeg_arrival_three_same_balls, layout_loops_corners,
          hellmonk_ecumenical_altar_heavens_door
D:2:      layout_rooms, kennysheep_nondescript
D:3:      layout_loops_corners, mainiacjoe_overflow_catwalk_spiral,
          general_overflow_altar, serial_shops, shop_statue, serial_park_tiny_2,
          uniq_natasha

Skill      XL: |  1  2  3  4 |
---------------+-------------+-----
Dodging        | 3 |  3.6
Fighting       | 5 |  5.4
Short Blades   | 1 |  1.4
Axes           | |  3.3

Action                   |  1- 3 |  4- 6 || total
-------------------------+-------+-------++-------
Melee: Hand axe          |    37 |       ||    37
       Dagger            |    18 |   117 ||   135
Invok: Berserk           |     2 |     1 ||     3
Armor: Animal skin       |    38 |    32 ||    70
Dodge: Dodged            |    51 |    54 ||   105
